 Dungeon Crawl Stone Soup version 0.31.0-11-ge490571c62 (webtiles) character file.

Game seed: 13946998424124211737

20 qw the Shooter (level 2, 0/16 HPs)
             Began as a Deep Elf Hunter on Feb 5, 2024.
             Incinerated by a bombardier beetle (5 damage)
             ... with a burning spray
             ... on level 2 of the Dungeon.
             The game lasted 00:00:17 (949 turns).

qw the Shooter (Deep Elf Hunter)                     Turns: 949, Time: 00:00:17

Health: 0/16       AC:  6    Str:  8    XL:     2   Next: 58%
Magic:  4/4        EV: 10    Int: 13    God:
Gold:   61         SH:  0    Dex: 18    Spells: 1/1 levels left

rFire   . . .        a - +0 shortbow
rCold   . . .        (shield currently unavailable)
rNeg    . . .        e - +1 ring mail
rPois   .            (no helmet)
rElec   .            (no cloak)
rCorr   .            (no gloves)
SInv    .            (no boots)
Will    .....        (no amulet)
Stlth   +            (no ring)
HPRegen 0.22/turn    (no ring)
MPRegen 0.09/turn

%: no passive effects
@: on fire, glowing
A: no striking features
a: no special abilities


You were on level 2 of the Dungeon.
You visited 1 branch of the dungeon, and saw 2 of its levels.

You collected 61 gold pieces.


   Skills:
 - Level 1.5 Fighting
 + Level 6.3 Ranged Weapons
 - Level 2.4 Dodging
 - Level 1.2 Stealth


You had one spell level left.
You didn't know any spells.
Your spell library was empty.

Inventory:

Hand Weapons
 a - a +0 shortbow (weapon)
Armour
 e - a +1 ring mail (worn)
Jewellery
 c - a +6 ring of strength
Scrolls
 b - a scroll of noise {unknown}
Potions
 d - a potion of heal wounds {unknown}
 g - a potion of might

Dungeon Overview and Level Annotations

Branches:
Dungeon (2/15)

Altars:

Shops:
D:1 :[


Message History

You kill the ribbon worm!
You start resting.
HP restored.
A goblin comes into view. It is wielding a +0 club.
Found a mace.
The goblin shouts!
You shoot an arrow. The arrow hits the goblin!
You kill the goblin!
A ball python comes into view.
Found a murky emerald potion.
You shoot an arrow.
The arrow hits the ball python but does no damage.
The ball python hisses angrily.
You shoot an arrow. The arrow hits the ball python.
You kill the ball python!
A bombardier beetle comes into view.
You shoot an arrow. The arrow hits the bombardier beetle!
The bombardier beetle is heavily wounded.
You shoot an arrow.
The arrow hits the bombardier beetle but does no damage.
The bombardier beetle is heavily wounded.
You shoot an arrow.
The arrow hits the bombardier beetle but does no damage.
The bombardier beetle is heavily wounded.
You shoot an arrow.
The arrow closely misses the bombardier beetle.
The bombardier beetle sprays incendiary fluid at you.
The burning spray hits you.
You are covered in liquid fire!
You shoot an arrow. The arrow hits the bombardier beetle.
The bombardier beetle is heavily wounded.
The liquid fire burns you!
You shoot an arrow.
The arrow closely misses the bombardier beetle.
The liquid fire burns you!
You shoot an arrow.
The arrow hits the bombardier beetle but does no damage.
The bombardier beetle is heavily wounded.
The liquid fire burns you!
You die...

#.# ##.#........ #.# #
#....#.#..... #.#
#.###..#......... #.#
#........#.#..... ###.#
#...)............
....#########....##....
###.##[............+
...............#.###
..%............#@#
####...###.....#..B....#
# ###...+.............!
# ##..#.....#..###... .
#.......#..# .. .
#....#.#.... .
#....#.#..## .....#.#..#
...###


You could see a bombardier beetle.

Vanquished Creatures
  A ribbon worm (D:2)
  2 bats
  An endoplasm (D:1)
  2 goblins
  2 quokkas
  4 ball pythons
  2 frilled lizards (D:1)
  2 kobolds (D:1)
  A rat (D:1)
17 creatures vanquished.

Notes
Turn   | Place    | Note
-------+----------+-------------------------------------------
     0 | D:1      | qw the Deep Elf Hunter began the quest for the Orb.
     0 | D:1      | Reached XP level 1. HP: 12/12 MP: 3/3
     0 | D:1      | 0 ||| qw: Version: 0.3-a-160-g6735b56
     0 | D:1      | 0 ||| qw: Game counter: 6359
     0 | D:1      | 0 ||| qw: Melee chars always use a shield: true
     0 | D:1      | 0 ||| qw: God list: Okawaru
     0 | D:1      | 0 ||| qw: Allow faded altars: false
     0 | D:1      | 0 ||| qw: Do Orc after clearing Dungeon:15 true
     0 | D:1      | 0 ||| qw: Do second Lair branch before Depths: true
     0 | D:1      | 0 ||| qw: Lair rune preference: random
     0 | D:1      | 0 ||| qw: Goals: Normal
     0 | D:1      | 0 ||| PLANNING D:1-11
   335 | D:1      | Reached skill level 6 in Ranged Weapons
   335 | D:1      | Reached XP level 2. HP: 16/16 MP: 4/4
   548 | D:1      | Found Jamasker's Armour Emporium.
   556 | D:1      | 556 ||| SHOPLISTING +0 pair of boots (54 gold, have 38).
   556 | D:1      | 556 ||| SHOPLISTING +0 pair of gloves (54 gold, have 38).
   556 | D:1      | 556 ||| SHOPLISTING +2 leather armour of Truth {Fly Slay+2}
                  | (354 gold, have 38).
   556 | D:1      | 556 ||| SHOPLISTING +2 leather armour of cold resistance
                  | (228 gold, have 38).
   632 | D:1      | Found Oshafuiv's Book Boutique.
   771 | D:1      | 771 ||| UPGRADING to +0 ring mail.
   781 | D:1      | 781 ||| DROPPING +0 leather armour.
   782 | D:1      | 782 ||| READING scroll labelled LIOTAI DITE.
   782 | D:1      | 782 ||| ENCHANTING +0 ring mail.
   783 | D:1      | 783 ||| DRINKING 2 dark potions.
   784 | D:1      | 784 ||| DROPPING scroll of butterflies.
   875 | D:2      | HP: 4/16 [ribbon worm (5)]
   942 | D:2      | Noticed a bombardier beetle
   949 | D:2      | Incinerated by a bombardier beetle

Levels and vault maps discovered:
D:1:      minmay_arrival_arboretum_small, layout_loops_corners, serial_shops,
          shop, nicolae_shop_window_shopping
D:2:      layout_basic, serial_shops, shop, glass_columns_a, uniq_natasha,
          uniq_sigmund

Skill      XL: |  1 |
---------------+----+-----
Ranged Weapons | 6 |  6.3
Fighting       | |  1.5
Dodging        | |  2.4
Stealth        | |  1.2

Action                     || total
---------------------------++-------
   Fire: Shortbow          ||    62
    Use: Scroll            ||     1
         Potion            ||     1
 Armour: Leather armour    ||     3
         Ring mail         ||     6
  Dodge: Dodged            ||     5

Table legend:
 A = Non-vault XP
 B = Vault XP
 C = Vault XP percentage of total XP
 D = Non-vault monster count
 E = Vault monster count
 F = Vault count percentage of total count
                 A         B        C        D         E       F
            +---------+---------+-------+---------+---------+-------
      Total |      29 |       0 |   0.0 |      17 |       0 |   0.0
            +---------+---------+-------+---------+---------+-------
        D:1 |      17 |       0 |   0.0 |      11 |       0 |   0.0
        D:2 |      12 |       0 |   0.0 |       6 |       0 |   0.0
            +---------+---------+-------+---------+---------+-------
